 Dungeon Sprint DCSS version 0.28-a0-1038-g9c4cb8273d (webtiles) character file.

Game seed: 17588558119253796829

1 DarkBird the Chopper (level 1, -1/20 HPs)
             Began as a Hill Orc Monk on Dec 8, 2021.
             Was a Believer of Beogh.
             Slain by a river rat (8 damage)
             ... in the Dungeon (Sprint VII: "The Pits").
             The game lasted 00:00:42 (90 turns).

DarkBird the Chopper (Hill Orc Monk)                  Turns: 90, Time: 00:00:42

Health: -1/20      AC:  2    Str: 13    XL:     1   Next: 20%
Magic:  1/1        EV: 12    Int: 10    God:    Beogh [**....]
Gold:   0          SH:  0    Dex: 13    Spells: 0/0 levels left

rFire   . . .      SeeInvis .   i - +2 hand axe
rCold   . . .      Faith    .   (no shield)
rNeg    . . .      Spirit   .   b - +0 robe
rPois   .          Reflect  .   (no helmet)
rElec   .          Harm     .   (no cloak)
rCorr   .          Rampage  .   (no gloves)
Will    .....      NoTele   +   (no boots)
Stlth   ++........              (no amulet)
HPRegen 0.06/turn               (no ring)
MPRegen 0.07/turn               (no ring)

@: no status effects
A: no striking features
a: Renounce Religion, Smiting


You were in the Dungeon.
You worshipped Beogh.
Beogh was pleased with you.
You visited 1 branch

Inventory:

Hand Weapons
 a - a +0 hand axe
 i - a +2 hand axe (weapon)
Armour
 b - a +0 robe (worn)
Scrolls
 h - a scroll of blinking
 k - 5 scrolls of amnesia
 l - a scroll of summoning
Potions
 e - a potion of haste
 f - 4 potions of magic
 g - 3 potions of berserk rage
 j - 2 potions of invisibility


   Skills:
 + Level 3.9 Fighting
 + Level 4.3 Axes
 + Level 2.6 Dodging
 + Level 1.6 Stealth


You couldn't memorise any spells.
You didn't know any spells.
Your spell library was empty.

Dungeon Overview and Level Annotations

Branches:
Dungeon (1/1)

Altars:
Ashenzari
Cheibriados
Dithmenos
Elyvilon
Fedhas
Gozag
Hepliaklqana
Kikubaaqudgha
Makhleb
Nemelex Xobeh
Okawaru
Qazlal
Ru
Sif Muna
Trog
Uskayaw
Vehumet
Wu Jian
Xom
Yredelemnul
Zin
The Shining One
Beogh
Jiyva
Lugonu


Message History

A river rat and a goblin come into view.
There is an open door here.
The helpless river rat fails to defend itself.
You hit the river rat but do no damage.
The goblin shouts!
The river rat barely misses you.
You closely miss the river rat. The river rat bites you!
You closely miss the river rat. The river rat bites you.
* * * LOW HITPOINT WARNING * * *
The river rat closely misses you.
You hit the river rat but do no damage. The river rat barely misses you.
You closely miss the river rat. The river rat bites you.
* * * LOW HITPOINT WARNING * * *
You feel much better. The river rat closely misses you.
You hit the river rat.
The river rat is moderately wounded.
The river rat bites you.
You barely miss the river rat.
The river rat is moderately wounded.
The river rat bites you.
You barely miss the river rat.
The river rat is moderately wounded.
The river rat bites you.
You feel better. The river rat bites you.
You hit the river rat but do no damage.
The river rat is moderately wounded.
The river rat misses you.
You hit the river rat but do no damage.
The river rat is moderately wounded.
The river rat bites you but does no damage.
You hit the river rat but do no damage.
The river rat is moderately wounded.
The river rat bites you.
You hit the river rat but do no damage.
The river rat is moderately wounded.
The river rat bites you.
You hit the river rat.
The river rat is heavily wounded.
The river rat bites you!
You die...

############
#_________.#
#_________.#
#_______...###########++
##########'##...........
#.?(.')))'.##......#..#.
##########.##...........
#...........'...........
#+#####@#####......#..#.
#r# #........... #g#
####'#####++ +.#
#.......# ### #.......#
#.......# #...<...#
#.......# #.......#


You could see a river rat and a goblin.

Vanquished Creatures
  An endoplasm (D)
1 creature vanquished.

Notes
Turn   | Place    | Note
-------+----------+-------------------------------------------
     0 | D        | DarkBird the Hill Orc Monk began the quest for the Orb.
     0 | D        | Reached XP level 1. HP: 19/19 MP: 1/1
    41 | D        | Found a bloodstained altar of Trog.
    41 | D        | Found a shimmering blue altar of Sif Muna.
    41 | D        | Found a viscous altar of Jiyva.
    41 | D        | Found a hazy altar of Hepliaklqana.
    41 | D        | Found an opulent altar of Gozag.
    42 | D        | Found a glowing golden altar of the Shining One.
    42 | D        | Found a glowing silver altar of Zin.
    42 | D        | Found a basalt altar of Yredelemnul.
    42 | D        | Found a shimmering altar of Xom.
    42 | D        | Found an ornate altar of the Wu Jian Council.
    42 | D        | Found a sacrificial altar of Ru.
    42 | D        | Found a stormy altar of Qazlal.
    42 | D        | Found an iron altar of Okawaru.
    42 | D        | Found a sparkling altar of Nemelex Xobeh.
    42 | D        | Found a burning altar of Makhleb.
    42 | D        | Found a blossoming altar of Fedhas.
    42 | D        | Found a white marble altar of Elyvilon.
    42 | D        | Found a shadowy altar of Dithmenos.
    42 | D        | Found a snail-covered altar of Cheibriados.
    44 | D        | Found a radiant altar of Vehumet.
    44 | D        | Found a corrupted altar of Lugonu.
    44 | D        | Found a roughly hewn altar of Beogh.
    45 | D        | Found a hide-covered altar of Uskayaw.
    45 | D        | Found an ancient bone altar of Kikubaaqudgha.
    45 | D        | Found a broken altar of Ashenzari.
    52 | D        | Became a worshipper of Beogh the Brigand
    52 | D        | Reached * piety under Beogh
    52 | D        | Reached ** piety under Beogh
    90 | D        | Slain by a river rat

Illustrated notes

Levels and vault maps discovered:
D:        pitsprint [storerooms_1, entrance_room_1, metal_vault_5, armoury_2,
          mini_pit_1, grid_room_1, main_hall_1, silver_pit, the_coven_1,
          the_vestibule_1, steel_vault_4, golden_pit, hallway_of_sentries,
          crystal_vault_2, iron_vault_4, final_vault]

Action                   || total
-------------------------++-------
Melee: Hand axe          ||    15
  Use: Potion            ||     2
 Stab: Sleeping          ||     1
Armor: Robe              ||     2
Dodge: Dodged            ||     6

Table legend: (Time is in decaauts)
 A = Elapsed time spent in this place.
 B = Non-inter-level travel time spent in this place.
 C = Inter-level travel time spent in this place.
 D = Time resting spent in this place.
 E = Time spent auto-exploring this place.
 F = Levels seen in this place.
 G = Mean time per level.
                   A        B        C        D        E       F      G
               +--------+--------+--------+--------+--------+-----+--------+
         Total |     90 |     69 |     21 |      0 |      0 |   1 |   90.0 |
       Dungeon |     90 |     69 |     21 |      0 |      0 |   1 |   90.0 |
               +--------+--------+--------+--------+--------+-----+--------+

Top non-repeatable levels by time:
       D: 90 daAuts
